 Dungeon Crawl Stone Soup version 0.26-a0-642-g67e9924 (webtiles) character file.

Game seed: 14386122098728543283

244 rlgrobin the Grave Robber (level 5, -3/38 HPs)
             Began as a Mummy Necromancer on Sept 21, 2020.
             Slain by Grinder (8 damage)
             ... on level 3 of the Dungeon.
             The game lasted 00:15:38 (3969 turns).

rlgrobin the Grave Robber (Mummy Necromancer)       Turns: 3969, Time: 00:15:39

Health: -3/38      AC:  5    Str: 11    XL:     5   Next: 83%
Magic:  9/9        EV: 12    Int: 15    God:
Gold:   139        SH:  0    Dex: 13    Spells: 8/9 levels left

rFire    x . .     SeeInvis .   l - +0 scythe (venom)
rCold    + . .     Faith    .   (shield currently unavailable)
rNeg     + + +     Spirit   .   v - +1 robe
rPois    ∞         Reflect  .   (no helmet)
rElec    .         Harm     .   (no cloak)
rCorr    .         Rampage  .   s - +0 pair of gloves
MR       .....                  p - +0 pair of boots
Stlth    ++........             (no amulet)
HPRegen  0.12/turn              (no ring)
MPRegen  0.11/turn              (no ring)

@: no status effects
A: no potions, fire vulnerability, cold resistance 1, negative energy resistance
3, torment resistance, unbreathing
a: no special abilities


You were on level 3 of the Dungeon.
You visited 1 branch of the dungeon, and saw 3 of its levels.

You collected 139 gold pieces.


Innate Abilities, Weirdness & Mutations

You do not drink.
Your flesh is vulnerable to fire.
You are immune to poison.
Your flesh is cold resistant. (rC+)
You are immune to negative energy. (rN+++)
You are immune to unholy pain and torment.
You can survive without breathing.


   Skills:
 + Level 1.8 Fighting
 + Level 1.4 Short Blades
 + Level 0.1 Maces & Flails
 + Level 0.3 Polearms
 + Level 2.6 Slings
 + Level 0.4 Armour
 + Level 2.1 Dodging
 + Level 2.0 Stealth
 + Level 2.7 Spellcasting
 + Level 4.5 Necromancy


You had 8 spell levels left.
You knew the following spells:

 Your Spells              Type           Power        Failure   Level
z - Pain                  Necr           ###.         3%          1

Your spell library contained the following spells:

 Spells                   Type           Power        Failure   Level
 Animate Skeleton         Necr           ###...       3%          1
 Vampiric Draining        Necr           ###.......   10%         3
 Animate Dead             Necr           ###.......   32%         4
 Agony                    Necr           ###.....     65%         5

Inventory:

Hand Weapons
 d - a +0 whip
 e - a +0 whip
 h - a +0 club
 k - a +0 hunting sling
 l - a +0 scythe of venom (weapon)
 m - a +0 dagger
 n - a +0 club
 o - a +0 club
 r - a +0 mace
 y - a +3 dagger of electrocution
 F - a +3 whip
Missiles
 b - 74 stones (quivered)
 q - 5 large rocks {=f}
 x - 40 arrows
 z - 7 boomerangs
 B - a throwing net {=f}
Armour
 a - a +0 robe
 i - a +0 leather armour
 p - a +0 pair of boots (worn)
 s - a +0 pair of gloves (worn)
 t - a +0 robe
 v - a +1 robe (worn)
Scrolls
 f - 5 scrolls of remove curse
 j - a scroll of teleportation {@r4}
Potions
 c - a potion of heal wounds {unknown}
 g - a potion of degeneration {unknown}
 u - a potion of brilliance {unknown}
 w - a potion of berserk rage {unknown}
 A - a potion of experience {unknown}
 C - a potion of curing {unknown}

Dungeon Overview and Level Annotations

Branches:
Dungeon (3/15)

Altars:

Annotations:
D:3 Grinder

#.# #.# #.. #.#######.#
#.. #.##......# #5g
#÷##.###### #K# #.##.#
#). #.##.# ### ...
##.##.# #####.... ....
##.##.##########.(......
#####
##.............5M(((.(..
#...#.##########....(...
#.#.#.# #######....
#.#.#.########...# ...
#.#.#.#......'...# .
#.#.#.#.######...#
#.#.#.#.# #...#
#.#.#.#.# #...#
....#.#.# ##...#


You could see Grinder.


Message History

You suddenly lose the ability to move!
Grinder gestures at you.
You shrug off the repeated paralysis!
Grinder blinks!
You can move again.
You slash Grinder!
Grinder is moderately wounded.
Grinder hits you. Grinder hits you but does no damage.
You hit Grinder.
Grinder is heavily wounded.
Grinder hits you.
* * * LOW HITPOINT WARNING * * *
Grinder gestures at you.
You shrug off the repeated paralysis!
You closely miss Grinder.
Grinder is heavily wounded.
Grinder closely misses you. Grinder gestures at you.
You suddenly lose the ability to move!
Grinder hits you.
* * * LOW HITPOINT WARNING * * *
Grinder hits you!
* * * LOW HITPOINT WARNING * * *
You can move again.
There is an open door here.
You closely miss Grinder.
Grinder is heavily wounded.
Grinder hits you!
You die...

Action                   |  1- 3 |  4- 6 || total
-------------------------+-------+-------++-------
Melee: Whip              |    27 |       ||    27
       Dagger            |    51 |       ||    51
       Scythe            |       |    57 ||    57
 Fire: Hunting sling     |    72 |       ||    72
Throw: Stone             |       |     9 ||     9
  Use: Scroll            |     8 |     4 ||    12
 Stab: Sleeping          |       |     2 ||     2
Armor: Robe              |    11 |    35 ||    46
       Leather armour    |    20 |       ||    20
Dodge: Dodged            |    99 |    62 ||   161

Levels and vault maps discovered:
D:1:      zelgadis_glass_arrival_small, layout_basic
D:2:      layout_loops_corners, uniq_sigmund
D:3:      layout_basic, kennysheep_jessica_study, uniq_grinder

Notes
Turn   | Place    | Note
-------+----------+-------------------------------------------
     0 | D:1      | rlgrobin the Mummy Necromancer began the quest for the Orb.
     0 | D:1      | Reached XP level 1. HP: 13/13 MP: 4/4
    87 | D:1      | Reached XP level 2. HP: 3/19 MP: 5/5
  1083 | D:1      | Reached XP level 3. HP: 24/24 MP: 7/7
  1326 | D:2      | Noticed Sigmund
  1472 | D:2      | Reached skill level 1 in Slings
  2721 | D:2      | HP: 1/25 [Sigmund/+0 scythe of venom (8)]
  2722 | D:2      | Killed Sigmund
  2722 | D:2      | Reached skill level 1 in Fighting
  2722 | D:2      | Reached skill level 1 in Short Blades
  2722 | D:2      | Reached skill level 2 in Slings
  2722 | D:2      | Reached skill level 2 in Dodging
  2722 | D:2      | Reached skill level 2 in Stealth
  2722 | D:2      | Reached XP level 4. HP: 2/33 MP: 8/8
  2722 | D:2      | Reached XP level 5. HP: 2/38 MP: 9/9
  3594 | D:3      | Noticed Grinder
  3597 | D:3      | Paralysed by Grinder for 2 turns
  3600 | D:3      | Paralysed by Grinder for 2 turns
  3601 | D:3      | HP: 2/38 [Grinder (10)]
  3941 | D:3      | Paralysed by Grinder for 7 turns
  3959 | D:3      | Paralysed by Grinder for 4 turns
  3964 | D:3      | Paralysed by Grinder for 4 turns
  3969 | D:3      | Slain by Grinder

Vanquished Creatures
  Sigmund (D:2)
  2 adders
  A gnoll (D:1)
  An ooze (D:2)
  2 worms
  A dart slug (D:1)
  A leopard gecko (D:2)
  3 orcs (D:3)
  2 giant cockroaches (D:2)
  8 hobgoblins
  6 jackals
  6 kobolds
  A quokka (D:2)
  4 bats
  3 frilled lizards
  8 rats
50 creatures vanquished.
